 Dungeon Crawl Stone Soup version 0.29-a0-350-g7790a0e70a (webtiles) character file.

Game seed: 18096085882645532116

59 HendSelp the Insei (level 4, -3/28 HPs)
             Began as an Octopode Transmuter on Apr 22, 2022.
             Slain by Terence
             ... wielding a +4 vorpal flail
              (7 damage)
             ... on level 2 of the Dungeon.
             The game lasted 00:01:51 (1627 turns).

HendSelp the Insei (Octopode Transmuter)            Turns: 1627, Time: 00:01:51

Health: -3/28      AC:  1    Str: 11    XL:     4   Next: 3%
Magic:  8/8        EV: 13    Int: 15    God:
Gold:   81         SH:  0    Dex: 12    Spells: 7/8 levels left

rFire   + . .      SeeInvis .     - Unarmed
rCold   . . .      Faith    .   (no shield)
rNeg    . . .      Spirit   .   (helmet currently unavailable)
rPois   .          Reflect  .   (no amulet)
rElec   .          Harm     .   f - ring of protection from fire
rCorr   .          Rampage  .   (no ring)
Will    .....                   (no ring)
Stlth   ++........              (no ring)
HPRegen 0.09/turn               (no ring)
MPRegen 0.11/turn               (no ring)
                                (no ring)
                                (no ring)

@: appendages (expiring)
A: tentacle spike 3, almost no armour, amphibious, 8 rings, camouflage 1,
gelatinous body 1, (nimble swimmer 1), tentacles
a: End Transformation


You were on level 2 of the Dungeon.
One of your tentacles had grown a beastly spike.
You visited 1 branch of the dungeon, and saw 2 of its levels.

You collected 81 gold pieces.

Inventory:

Jewellery
 f - a ring of protection from fire (left tentacle)
Potions
 a - a potion of lignification
 b - 2 potions of heal wounds
 c - a potion of haste {unknown}
 d - a potion of attraction
 e - a potion of curing
 g - a potion of degeneration {unknown}


   Skills:
 + Level 1.1 Fighting
 + Level 2.6 Dodging
 + Level 3.6 Unarmed Combat
 + Level 2.6 Spellcasting
 + Level 2.2 Transmutations


You had 7 spell levels left.
You knew the following spells:

 Your Spells              Type           Power      Damage    Failure   Level
a - Beastly Appendage     Tmut           16%        N/A       9%          1

Your spell library contained the following spells:

 Spells                   Type           Power      Damage    Failure   Level
 Wereblood                Tmut           8%         N/A       13%         2
 Spider Form              Tmut/Pois      5%         N/A       36%         3
 Ice Form                 Ice/Tmut       5%         N/A       78%         4


Dungeon Overview and Level Annotations

Branches:
Dungeon (2/15)

Altars:

Annotations:
D:2 Terence


Innate Abilities, Weirdness & Mutations

One of your tentacles has grown a beastly spike.
You cannot wear most types of armour.
You are amphibious.
You can wear up to eight rings at the same time.
Your skin changes colour to match your surroundings (Stealth+).
Your rubbery body absorbs attacks. (AC +1, EV +1)
((You are camouflaged when in or above water. (Stealth+)))
You have tentacles for arms and can constrict up to eight enemies at once.


Message History

Terence the Incautious comes into view.
He is wielding a +4 vorpal flail and wearing a +4 scale mail of willpower.
The goblin hits you with a +0 dagger.
You barely miss the goblin. Your grab misses the goblin.
You squeeze the goblin.
You kill the goblin!
One of your tentacles grows a vicious spike.
Unknown command.
Terence is nearby!
You tentacle-slap Terence. You grab Terence. You squeeze Terence!
Terence is heavily wounded.
You constrict Terence, but do no damage.
Terence hits you with a +4 vorpal flail.
You tentacle-slap Terence but do no damage.
You pierce Terence, but do no damage.
Terence is heavily wounded.
You constrict Terence, but do no damage.
Terence screams, "I want your blood!" Terence closely misses you.
You tentacle-slap Terence but do no damage.
You pierce Terence, but do no damage.
Terence is heavily wounded.
Your transformation is almost over.
You constrict Terence, but do no damage.
Terence barely misses you.
You tentacle-slap Terence but do no damage.
Terence is heavily wounded.
You constrict Terence, but do no damage.
Terence hits you with a +4 vorpal flail.
You tentacle-slap Terence.
Terence is severely wounded.
You constrict Terence, but do no damage.
Terence hits you with a +4 vorpal flail!
* * * LOW HITPOINT WARNING * * *
x2 You are too injured to fight recklessly!
You tentacle-slap Terence but do no damage.
You pierce Terence, but do no damage.
You squeeze Terence.
Terence is severely wounded.
You constrict Terence, but do no damage.
Terence hits you with a +4 vorpal flail!
You die...

#.# #
####.# #
..#.#
#######
#.#.#
#......
#.#.#####
#.#####
#....)..#
#.# #
#<......#
#.# #
#)......#
#.# #
#.@.....#
#.# #
#.@.....#
#.# #
#.....[.#
#.# #
#.......#
#.#
#.#.#####
#.# #< .#
#†# ## .#
####.# .#
#....#
#.####


You could see Terence.

Vanquished Creatures
  3 adders (D:2)
  A worm (D:2)
  2 dart slugs
  3 ball pythons
  A bat (D:1)
  2 endoplasms
  A giant cockroach (D:2)
  3 goblins
  2 hobgoblins
  2 quokkas
  3 frilled lizards (D:1)
  4 rats
27 creatures vanquished.

Vanquished Creatures (others)
  2 fungi (D:1)
  A plant (D:1)
3 creatures vanquished.

Grand Total: 30 creatures vanquished

Notes
Turn   | Place    | Note
-------+----------+-------------------------------------------
     0 | D:1      | HendSelp the Octopode Transmuter began the quest for the
                  | Orb.
     0 | D:1      | Reached XP level 1. HP: 13/13 MP: 3/3
   322 | D:1      | Reached XP level 2. HP: 18/18 MP: 3/5
   439 | D:1      | Found a faded altar of an unknown god.
  1040 | D:2      | Reached XP level 3. HP: 19/23 MP: 4/6
  1524 | D:2      | Reached XP level 4. HP: 28/28 MP: 8/8
  1617 | D:2      | Noticed Terence
  1627 | D:2      | Slain by Terence

Illustrated notes

Levels and vault maps discovered:
D:1:      minmay_arrival_up_and_down, layout_basic,
          shapermc_ecumenical_altar_mp_urbaneastern, minmay_bisected
D:2:      layout_basic, uniq_terence

Action                   |  1- 3 |  4- 6 || total
-------------------------+-------+-------++-------
Melee: Unarmed           |    41 |     9 ||    50
       Constrict         |    18 |     2 ||    20
       Tentacles         |    16 |     3 ||    19
       Kick              |    12 |     3 ||    15
       Punch             |     3 |     1 ||     4
 Cast: Beastly Appendage |    18 |     2 ||    20
  Use: Scroll            |     5 |       ||     5
 Stab: Sleeping          |     3 |       ||     3
Armor: Skin              |     1 |       ||     1
Dodge: Dodged            |    19 |     5 ||    24

Table legend: (Time is in decaauts)
 A = Elapsed time spent in this place.
 B = Non-inter-level travel time spent in this place.
 C = Inter-level travel time spent in this place.
 D = Time resting spent in this place.
 E = Time spent auto-exploring this place.
 F = Levels seen in this place.
 G = Mean time per level.
                   A        B        C        D        E       F      G
               +--------+--------+--------+--------+--------+-----+--------+
         Total |   1623 |   1554 |     69 |    124 |   1238 |   2 |  811.5 |
       Dungeon |   1623 |   1554 |     69 |    124 |   1238 |   2 |  811.5 |
               +--------+--------+--------+--------+--------+-----+--------+

Top non-repeatable levels by time:
     D:1: 1032 daAuts
     D:2: 591 daAuts
